 Dungeon Crawl Stone Soup version 0.21-a0-286-g6fcecc0 (webtiles) character file.

448 Jor the Vexing (level 6, -3/28 HPs)
             Began as a Spriggan Enchanter on Sept 27, 2017.
             Slain by an orc priest
             ... wielding a +0 hand axe
              (10 damage)
             ... on level 3 of the Dungeon.
             The game lasted 00:13:36 (6445 turns).

Jor the Vexing (Spriggan Enchanter)                 Turns: 6445, Time: 00:13:37

Health: -3/28      AC:  2    Str:  3 (5)  XL:     6   Next: 73%
Magic:  12/16      EV: 18    Int: 16 (18) God:
Gold:   102        SH:  0    Dex: 15 (16) Spells: 6/18 levels left

rFire    . . .     SeeInvis +   a - +1 dagger
rCold    . . .     Gourm    .   (shield restricted)
rNeg     . . .     Faith    .   b - +0 robe
rPois    .         Spirit   .   (helmet restricted)
rElec    .         Reflect  .   (no cloak)
rCorr    .         Harm     .   (gloves unavailable)
MR       +....     Clarity  +   (boots unavailable) Stlth +++.......Rnd*Tele +
                                (no amulet)
HPRegen  0.09/turn              (no ring)
MPRegen  0.15/turn              (no ring)

@: very quick
A: unfitting armour, see invisible, blink, clarity, herbivore 3, speed 3,
screaming 1, slow metabolism 2, teleportitis 1
a: Blink


You were on level 3 of the Dungeon.
You were not hungry.

You visited 1 branch of the dungeon, and saw 3 of its levels.

You collected 102 gold pieces.

Inventory:

Hand Weapons
 a - a +1 dagger (weapon)
Armour
 b - a +0 robe (worn)
Scrolls
 e - a scroll of amnesia
 g - 3 scrolls of remove curse
 i - a scroll of magic mapping
 k - a scroll of recharging
Books
 c - a book of Maledictions

   Spells                             Type                      Level
   a - Corona                         Hexes                        1
   b - Ensorcelled Hibernation        Hexes/Ice                    2
   c - Confuse                        Hexes                        3
   d - Tukima's Dance                 Hexes                        3
   e - Dazzling Spray                 Conjuration/Hexes            3
Comestibles
 d - 2 bread rations
 j - 5 fruits


   Skills:
 - Level 1.1 Short Blades
 - Level 3.0 Dodging
 - Level 4.4 Stealth
 + Level 6.5 Spellcasting
 + Level 7.0 Hexes


You had 6 spell levels left.
You knew the following spells:

 Your Spells              Type           Power        Failure   Level  Hunger
a - Ensorcelled Hibernat  Hex/Ice        ###...       4%          2    None
b - Corona                Hex            ####...      1%          1    None
c - Confuse               Hex            ####....     2%          3    ##.....
d - Tukima's Dance        Hex            ####....     2%          3    ##.....
e - Dazzling Spray        Conj/Hex       ###...       10%         3    ##.....


Dungeon Overview and Level Annotations

Branches:
Dungeon (3/15)

Altars:
Trog

Annotations:
D:3 Natasha


Innate Abilities, Weirdness & Mutations

You are very small and have problems with some larger weapons.
You are too small for most types of armour.
You have supernaturally acute eyesight. (SInv)
You are a herbivore.
You cover ground extremely quickly.
You need consume almost no food.
You can translocate small distances at will.
You possess an exceptional clarity of mind.
You occasionally shout uncontrollably at your foes.
You are occasionally teleported next to monsters.


Message History

The orc is dazzled.
The spray of energy hits the orc priest.
The orc priest is heavily wounded.
The orc priest is dazzled.
The orc completely misses you.
The orc priest hits you but does no damage.
The orc priest barely misses you.
You hit the orc priest.
The orc priest is severely wounded.
The orc closely misses you. The orc misses you.
You catch the helpless orc priest completely off-guard!
You puncture the orc priest!
You kill the orc priest!
Your Hexes skill increases to level 7!
The orc priest completely misses you. The orc hits you with a club.
* * * LOW HITPOINT WARNING * * *
The orc closely misses you.
You hit the orc priest.
The orc priest is heavily wounded.
The orc priest hits you with a hand axe!
You die...

******************************
≈≈≈≈≈≈≈≈≈≈≈≈≈≈≈≈≈≈≈≈≈≈≈≈≈≈≈≈≈****
≈≈≈≈≈≈≈≈≈≈≈≈≈≈≈≈≈≈≈≈≈≈≈≈≈≈≈≈≈≈≈≈≈
≈≈≈≈≈≈≈≈≈≈≈≈≈≈≈≈≈≈≈≈≈≈≈≈≈≈≈≈≈≈***
**######################*******,,
,,#....#.......#........,,,,,,*,,
,,#....#......goo)......,,,,,,*,,
###....#########@.......,,,,,,**+
.#......#.......o..#####***,,,,,,
.'......'..........# *,,,,,,
,#......#..........#*******,,,,,,
*##....#########.......,,,,,,,**+
,,#....#,,,,,,,+.......,,,,,,,*,,
,,#.)..#,,,,,,,#........,,,,,,*,,
####)'########*#########*******,,
≈≈...)).≈≈≈≈≈≈≈≈≈≈≈≈≈≈≈≈≈≈≈≈≈≈***


You could see an orc priest (blind), 2 orcs and a hobgoblin.

Vanquished Creatures
  The ghost of WhatIsLove the Skirmisher, an amateur OgSk (D:3)
  2 orc priests (D:3)
  Natasha (twice) (D:3)
  3 adders (D:2)
  A worm (D:2)
  4 dart slugs
  4 leopard geckos
  4 orcs (D:3)
  3 bats
  3 giant cockroaches
  13 goblins
  10 hobgoblins
  7 jackals (D:2)
  A quokka (D:2)
  3 ball pythons
  3 frilled lizards
  8 kobolds
  6 rats
78 creatures vanquished.

Notes
Turn   | Place    | Note
-------+----------+-------------------------------------------
     0 | D:1      | Jor the Spriggan Enchanter began the quest for the Orb.
     0 | D:1      | Reached XP level 1. HP: 9/9 MP: 5/5
   562 | D:2      | Found a bloodstained altar of Trog.
   591 | D:2      | Reached XP level 2. HP: 13/13 MP: 7/7
   597 | D:2      | Learned a level 2 spell: Ensorcelled Hibernation
   664 | D:3      | Noticed WhatIsLove's ghost (amateur OgSk)
   730 | D:2      | Reached skill level 4 in Hexes
  1045 | D:2      | Reached XP level 3. HP: 16/16 MP: 3/9
  1221 | D:2      | Learned a level 3 spell: Confuse
  1225 | D:2      | Learned a level 3 spell: Tukima's Dance
  2591 | D:1      | Reached XP level 4. HP: 13/21 MP: 11/11
  3493 | D:2      | Reached skill level 5 in Hexes
  4839 | D:3      | Learned a level 3 spell: Dazzling Spray
  4994 | D:3      | Reached XP level 5. HP: 24/24 MP: 10/13
  5136 | D:3      | Noticed Natasha
  5146 | D:3      | Killed Natasha
  5146 | D:3      | Reached skill level 5 in Spellcasting
  5201 | D:3      | Noticed Natasha
  5207 | D:3      | Killed Natasha
  5839 | D:3      | Noticed Natasha
  6123 | D:3      | Gained mutation: You occasionally shout uncontrollably at your foes. [potion of mutation]
  6123 | D:3      | Gained mutation: You are occasionally teleported next to monsters. [potion of mutation]
  6123 | D:3      | Gained mutation: You can translocate small distances at will. [potion of mutation]
  6123 | D:3      | Gained mutation: You possess an exceptional clarity of mind. [potion of mutation]
  6132 | D:3      | Killed WhatIsLove's ghost
  6132 | D:3      | Reached skill level 6 in Hexes
  6132 | D:3      | Reached XP level 6. HP: 25/28 MP: 4/16
  6444 | D:3      | Reached skill level 7 in Hexes
  6445 | D:3      | Slain by an orc priest

Vault maps used:
D:1:      dpeg_arrival_connections, serial_forest, infiniplex_forest_straight_3,
          infiniplex_forest_split, infiniplex_forest_corner_2,
          infiniplex_forest_end_2, infiniplex_forest_corner_1,
          infiniplex_forest_straight_2
D:2:      lemuel_round_altar, first_bread
D:3:      minmay_goblin_kobold_castle, serial_co_window_serial,
          co_window_of_opportunity_a, co_window_of_opportunity_a,
          co_window_paths_a, co_window_paths_b, co_window_paths_a,
          co_window_paths_a, co_window_2corner, co_window_corner_ca,
          co_window_corner_b, co_window_corner_cb, co_window_unsneaky_path_b,
          glass_columns_a, glass_columns_a, glass_columns_b, glass_columns_b,
          solitary_fountain, minmay_misc_feat_alley, uniq_natasha

Skill      XL: |  1  2  3  4  5  6 |
---------------+-------------------+-----
Spellcasting   | 3 4 6 |  6.5
Hexes          | 4 5 6 7 |  7.0
Short Blades   | |  1.1
Dodging        | |  3.0
Stealth        | |  4.4

Action                   |  1- 3 |  4- 6 || total
-------------------------+-------+-------++-------
Melee: Dagger            |   154 |   110 ||   264
 Cast: Corona            |    10 |       ||    10
       Ensorcelled Hiber |    32 |    18 ||    50
       Confuse           |     2 |    10 ||    12
       Dazzling Spray    |       |     3 ||     3
  Use: Scroll            |     2 |     5 ||     7
       Potion            |     1 |     4 ||     5
 Stab: Sleeping          |    18 |    20 ||    38
       Distracted        |     1 |       ||     1
       Confused          |     1 |     8 ||     9
       Invisible         |       |     2 ||     2
  Eat: Fruit             |     1 |       ||     1
       Bread ration      |       |     1 ||     1
Armor: Robe              |    16 |     8 ||    24
       Skin              |    28 |       ||    28
Dodge: Dodged            |   128 |    66 ||   194

Table legend:
 A = Spawn XP
 B = Non-spawn XP
 C = Spawn XP percentage of total XP
 D = Spawn monster count
 E = Non-spawn monster count
 F = Spawn count percentage of total count
 G = Total turns spent on level
                    A         B        C        D         E        F      G
               +---------+---------+-------+---------+---------+-------+---------
         Total |       0 |     641 |   0.0 |       0 |      78 |   0.0 |  6445
               +---------+---------+-------+---------+---------+-------+---------
           D:1 |       0 |      44 |   0.0 |       0 |      24 |   0.0 |  1842
           D:2 |       0 |      92 |   0.0 |       0 |      28 |   0.0 |  2476
           D:3 |       0 |     505 |   0.0 |       0 |      26 |   0.0 |  2127
               +---------+---------+-------+---------+---------+-------+---------
